AoeStats
← 牛油果

Nomad

503513863Analyzed
1v1 RM · 1mo ago on Sep 1, 2026· 36m 44s· 2 players
Game mode
Random Map
Map size
126×126
Population
200
Speed
Normal
Resources
Standard
Victory
Conquest
Starting age
Dark Age
Ending age
Imperial Age
RankedLock teamsTeams togetherTeam positionsShared explorationLock speedFull tech treeHidden civsTurbo modeCheats
Victory
Defeat
🇭🇰 Persians · Hong Kong SAR China
1862
+12
🇪🇨 Khmer · Ecuador
1780
-12
[ECU] Shamash
3:24 Loom
13:14 Feudal Age
16:13 Castle Age
17:37 Medium Warships
23:00 Light Cavalry
25:28 Town Watch
31:12 Double-Bit Axe
31:35 Gold Mining
34:17 Ballistics
牛油果
12:07 Loom
13:52 Feudal Age
18:31 Castle Age
17:58 Double-Bit Axe
17:54 Fishing Lines
20:15 Medium Warships
24:10 Bow Saw
26:01 Wheelbarrow
25:12 Town Watch
28:40 Scale Barding Armor
29:00 Horse Collar
32:06 Hand Cart
32:48 Bloodlines
33:27 Forging
34:02 Chain Barding Armor
34:46 Husbandry
35:17 Heavy Plow
35:08 Gold Mining
35:57 Stone Mining
Connection lost

Rejoining the realm…

Still unreachable

The connection could not be restored.

Session expired

The server has moved on; the page needs a fresh start.